3A
GRAND FORKS CATERPILLARS @ ATHLETIC CLUB KC U-24
08/08/2042
 
TOP OF THE 1ST
Grand Forks Caterpillars batting - Pitching for Athletic Club KC U-24 : RHP Ronald McDonald
Pitching: RHP Ronald McDonald
Batting: LHB Henri de Beeld 0-0: Called Strike
0-1: Called Strike
0-2: Ball
1-2: Foul Ball, location: 2F
1-2: Ground out 4-3 (Groundball, 4, EV 81.9 MPH)
Batting: LHB Jorge Cruz 0-0: Ball
1-0: Called Strike
1-1: SINGLE (Groundball, 34, EV 80.6 MPH) (infield hit)
Batting: LHB Kelvin Schmidt 0-0: Fly out, F1 (Line Drive, P, EV 69.4 MPH)
Batting: SHB Tomás Sánchez 0-0: Ball
1-0: Foul Ball, location: 2F
1-1: Ground out U3 (Groundball, 3S, EV 86.2 MPH)
Top of the 1st over - 0 runs, 1 hit, 0 errors, 1 left on base; Grand Forks 0 - Athletic Club KC 0
BOTTOM OF THE 1ST
Athletic Club KC U-24 batting - Pitching for Grand Forks Caterpillars : LHP Raúl González
Pitching: LHP Raúl González
Batting: SHB Benedito Ahulani 0-0: Ball
1-0: Called Strike
1-1: SINGLE (Line Drive, 8LS, EV 104.4 MPH)
Batting: RHB Pedro Píaz 0-0: Ball
Benedito Ahulani is caught stealing 2nd base 2-4
1-0: Swinging Strike
1-1: Ball
2-1: Foul Ball, location: 2F
2-2: Strikes out swinging
Batting: SHB Osvaldo Ardiles 0-0: SINGLE (Line Drive, 89M, EV 101.9 MPH)
Batting: LHB Ramiro Curran 0-0: Ball
1-0: Called Strike
1-1: Called Strike
1-2: Foul Ball, location: 2F
1-2: Ball
2-2: Foul Ball, location: 2F
2-2: Strikes out swinging
Bottom of the 1st over - 0 runs, 2 hits, 0 errors, 1 left on base; Grand Forks 0 - Athletic Club KC 0
TOP OF THE 2ND
Grand Forks Caterpillars batting - Pitching for Athletic Club KC U-24 : RHP Ronald McDonald
Batting: LHB Jimmy McComb 0-0: Ball
1-0: Called Strike
1-1: Called Strike
1-2: Ball
2-2: Reached on error, E4 (Groundball, 34D, EV 104.4 MPH)
Batting: RHB Markus Lindsey 0-0: Foul Ball, location: 2F
0-1: Ball
1-1: SINGLE (Groundball, 6MD, EV 98.8 MPH)
Jimmy McComb to third
Batting: RHB Roberto Guerrero 0-0: Ball
Markus Lindsey steals 2nd base
1-0: Foul Ball, location: 2F
1-1: Fly out, F8 (Flyball, 8RD, EV 87.5 MPH)
Runner from 3rd tags up, SCORES, throw by CF
Batting: RHB Dave Horn 0-0: Ball
1-0: Ground out 2-3 (Groundball, 2R, EV 65.0 MPH)
Markus Lindsey to third
Batting: RHB Juan Morales 0-0: Ball
1-0: Called Strike
1-1: Ball
2-1: Ball
3-1: Foul Ball, location: 2F
3-2: Base on Balls
Batting: LHB Henri de Beeld 0-0: Called Strike
0-1: Foul Ball, location: 2F
0-2: Ball
1-2: Foul Ball, location: 2F
1-2: Strikes out swinging
Top of the 2nd over - 1 run, 1 hit, 1 error, 2 left on base; Grand Forks 1 - Athletic Club KC 0
BOTTOM OF THE 2ND
Athletic Club KC U-24 batting - Pitching for Grand Forks Caterpillars : LHP Raúl González
Batting: LHB Greg Flynn 0-0: Ball
1-0: Swinging Strike
1-1: Called Strike
1-2: Ball
2-2: Strikes out swinging
Batting: SHB Francisco Rojas 0-0: Swinging Strike
0-1: Foul Ball, location: 2F
0-2: Foul Ball, location: 2F
0-2: Ball
1-2: Ball
2-2: Strikes out looking
Batting: RHB Sam Jones 0-0: Called Strike
0-1: Ball
1-1: Ball
2-1: Ball
3-1: Called Strike
3-2: Foul Ball, location: 2F
3-2: Reached via error on a dropped throw from 1B, E1 (Groundball, 34, EV 107.5 MPH)
Batting: RHB Leon Burns 0-0: Ball
1-0: Called Strike
1-1: Ball
2-1: Foul Ball, location: 2F
2-2: Strikes out looking
Bottom of the 2nd over - 0 runs, 0 hits, 1 error, 1 left on base; Grand Forks 1 - Athletic Club KC 0
TOP OF THE 3RD
Grand Forks Caterpillars batting - Pitching for Athletic Club KC U-24 : RHP Ronald McDonald
Batting: LHB Jorge Cruz 0-0: Ball
1-0: Foul Ball, location: 2F
1-1: Swinging Strike
1-2: Ball
2-2: Ball
3-2: SOLO HOME RUN (Flyball, 89XD, EV 90.6 MPH), Distance : 418 ft
Batting: LHB Kelvin Schmidt 0-0: SINGLE (Line Drive, 9S, EV 96.9 MPH)
Batting: SHB Tomás Sánchez 0-0: Called Strike
0-1: Ball
1-1: Foul Ball, location: 2F
1-2: Foul Ball, location: 2F
1-2: Foul Ball, location: 2F
1-2: Ball
2-2: Fly out, F8 (Flyball, 8RS, EV 88.1 MPH)
Batting: LHB Jimmy McComb 0-0: Called Strike
0-1: Foul Ball, location: 2F
0-2: Foul Ball, location: 2F
0-2: Ball
1-2: Strikes out swinging
Batting: RHB Markus Lindsey 0-0: Called Strike
0-1: Foul Ball, location: 2F
0-2: Ball
1-2: Strikes out swinging
Top of the 3rd over - 1 run, 2 hits, 0 errors, 1 left on base; Grand Forks 2 - Athletic Club KC 0
BOTTOM OF THE 3RD
Athletic Club KC U-24 batting - Pitching for Grand Forks Caterpillars : LHP Raúl González
Batting: RHB Darren Hunt 0-0: Ball
1-0: Ball
2-0: Ball
3-0: Called Strike
3-1: Called Strike
3-2: Strikes out swinging
Batting: SHB Benedito Ahulani 0-0: Called Strike
0-1: Ground out 1-3 (Groundball, P, EV 85.6 MPH)
Batting: RHB Pedro Píaz 0-0: Foul Ball, location: 2F
0-1: Fly out, F9 (Flyball, 89M, EV 90.6 MPH)
Bottom of the 3rd over - 0 runs, 0 hits, 0 errors, 0 left on base; Grand Forks 2 - Athletic Club KC 0
TOP OF THE 4TH
Grand Forks Caterpillars batting - Pitching for Athletic Club KC U-24 : RHP Ronald McDonald
Batting: RHB Roberto Guerrero 0-0: Ball
1-0: Ball
2-0: Ball
3-0: Called Strike
3-1: Fly out, F9 (Flyball, 9S, EV 94.4 MPH)
Batting: RHB Dave Horn 0-0: Called Strike
0-1: Ball
1-1: Swinging Strike
1-2: Strikes out swinging
Batting: RHB Juan Morales 0-0: Ball
1-0: Ball
2-0: Ball
3-0: Base on Balls
Batting: LHB Henri de Beeld 0-0: Ball
1-0: Called Strike
1-1: Foul Ball, location: 2F
1-2: Foul Ball, location: 2F
1-2: Ball
2-2: Ball
3-2: Ground out 5-3 (Groundball, 5, EV 84.4 MPH)
Top of the 4th over - 0 runs, 0 hits, 0 errors, 1 left on base; Grand Forks 2 - Athletic Club KC 0
BOTTOM OF THE 4TH
Athletic Club KC U-24 batting - Pitching for Grand Forks Caterpillars : LHP Raúl González
Batting: SHB Osvaldo Ardiles 0-0: Ball
1-0: Ball
2-0: DOUBLE (Groundball, 5L, EV 102.5 MPH)
Batting: LHB Ramiro Curran 0-0: Called Strike
0-1: Swinging Strike
0-2: Strikes out swinging, 2-3 out at first.
Batting: LHB Greg Flynn 0-0: Called Strike
0-1: Ball
1-1: Ground out 4-3 (Groundball, 4, EV 89.4 MPH)
Osvaldo Ardiles to third
Batting: SHB Francisco Rojas 0-0: Foul Ball, location: 2F
0-1: Ball
1-1: Foul Ball, location: 2F
1-2: SINGLE (Groundball, 6MD, EV 106.2 MPH)
Osvaldo Ardiles scores
Batting: RHB Sam Jones 0-0: Ball
1-0: Called Strike
1-1: Ball
2-1: Called Strike
2-2: Ball
3-2: Foul Ball, location: 2F
3-2: Fly out, F8 (Flyball, 8RM, EV 86.9 MPH)
Bottom of the 4th over - 1 run, 2 hits, 0 errors, 1 left on base; Grand Forks 2 - Athletic Club KC 1
TOP OF THE 5TH
Grand Forks Caterpillars batting - Pitching for Athletic Club KC U-24 : RHP Ronald McDonald
Batting: LHB Jorge Cruz 0-0: Foul Ball, location: 2F
0-1: Ball
1-1: Fly out, F9 (Flyball, 9, EV 91.2 MPH)
Batting: LHB Kelvin Schmidt 0-0: Ball
1-0: Foul Ball, location: 2F
1-1: Ground out U3 (Groundball, 3, EV 101.9 MPH)
Batting: SHB Tomás Sánchez 0-0: Ball
1-0: Swinging Strike
1-1: Ball
2-1: Fly out, F7 (Line Drive, 7, EV 91.2 MPH)
Top of the 5th over - 0 runs, 0 hits, 0 errors, 0 left on base; Grand Forks 2 - Athletic Club KC 1
BOTTOM OF THE 5TH
Athletic Club KC U-24 batting - Pitching for Grand Forks Caterpillars : LHP Raúl González
Batting: RHB Leon Burns 0-0: Ball
1-0: Called Strike
1-1: Ball
2-1: Foul Ball, location: 2F
2-2: Strikes out swinging, 2-3 out at first.
Batting: RHB Darren Hunt 0-0: Ball
1-0: Ground out 6-3 (Groundball, 6, EV 85.6 MPH)
Batting: SHB Benedito Ahulani 0-0: Foul Ball, location: 2F
0-1: Ground out 6-3 (Groundball, 6M, EV 103.8 MPH)
Bottom of the 5th over - 0 runs, 0 hits, 0 errors, 0 left on base; Grand Forks 2 - Athletic Club KC 1
TOP OF THE 6TH
Grand Forks Caterpillars batting - Pitching for Athletic Club KC U-24 : RHP Ronald McDonald
Batting: LHB Jimmy McComb 0-0: Foul Ball, location: 2F
0-1: Ball
1-1: SINGLE (Line Drive, 89M, EV 95.6 MPH)
Pitching: LHP Pedro Árias
Batting: RHB Markus Lindsey 0-0: Ball
1-0: Sac Bunt to 5S - play at first, batter OUT! 5-4
Jimmy McComb to second
Batting: RHB Roberto Guerrero 0-0: Intentional Walk
Batting: RHB Dave Horn 0-0: Ball
1-0: Foul Ball, location: 2F
1-1: Foul Ball, location: 2F
1-2: Strikes out swinging
Batting: RHB Juan Morales 0-0: Called Strike
0-1: Ball
1-1: Fielders Choice at 2nd, 6-4 (Groundball, 6, EV 103.1 MPH)
Top of the 6th over - 0 runs, 1 hit, 0 errors, 2 left on base; Grand Forks 2 - Athletic Club KC 1
BOTTOM OF THE 6TH
Athletic Club KC U-24 batting - Pitching for Grand Forks Caterpillars : LHP Raúl González
Batting: RHB Pedro Píaz 0-0: Called Strike
0-1: Swinging Strike
0-2: SINGLE (Line Drive, 56D, EV 97.5 MPH)
Pitching: LHP Kjeld van Campen
Batting: SHB Osvaldo Ardiles 0-0: Called Strike
0-1: Ball
1-1: Ball
2-1: Ball
3-1: DOUBLE (Line Drive, 78XD, EV 105.6 MPH)
Pedro Píaz to third
Runner from 3rd tries for Home, SAFE, no throw by CF
Batting: LHB Ramiro Curran 0-0: Called Strike
0-1: Foul Ball, location: 2F
0-2: 2-RUN HOME RUN (Flyball, 7LD, EV 103.8 MPH), Distance : 353 ft
Batting: LHB Greg Flynn 0-0: Swinging Strike
0-1: Swinging Strike
0-2: Ball
1-2: Foul Ball, location: 2F
1-2: Strikes out swinging
Batting: SHB Francisco Rojas 0-0: Called Strike
0-1: Called Strike
0-2: Strikes out swinging
Batting: RHB Sam Jones 0-0: Ball
1-0: Ball
2-0: Called Strike
2-1: Foul Ball, location: 2F
2-2: Strikes out looking
Bottom of the 6th over - 3 runs, 3 hits, 0 errors, 0 left on base; Grand Forks 2 - Athletic Club KC 4
TOP OF THE 7TH
Grand Forks Caterpillars batting - Pitching for Athletic Club KC U-24 : LHP Pedro Árias
Batting: LHB Henri de Beeld 0-0: Ball
1-0: Ball
2-0: Ball
3-0: Base on Balls
Batting: LHB Jorge Cruz 0-0: Ball
1-0: Sac Bunt to 13 - play at first, batter OUT! 1-3
Henri de Beeld to second
Batting: LHB Kelvin Schmidt 0-0: Ball
1-0: Foul Ball, location: 2F
1-1: Ball
2-1: Ground out U3 (Groundball, 34, EV 80.6 MPH)
Henri de Beeld to third
Batting: SHB Tomás Sánchez 0-0: Called Strike
0-1: Ball
1-1: Ball
2-1: Ball
3-1: Base on Balls
Pinch Hitting: LHB Oscar Finley 0-0: Ball
1-0: Foul Ball, location: 2F
1-1: Foul Ball, location: 2F
1-2: Strikes out swinging
Top of the 7th over - 0 runs, 0 hits, 0 errors, 2 left on base; Grand Forks 2 - Athletic Club KC 4
BOTTOM OF THE 7TH
Athletic Club KC U-24 batting - Pitching for Grand Forks Caterpillars : LHP Kjeld van Campen
Now at 2B: Cliff Riley
Batting: RHB Leon Burns 0-0: Called Strike
0-1: Foul Ball, location: 2F
0-2: Strikes out swinging
Batting: RHB Darren Hunt 0-0: Called Strike
0-1: Foul Ball, location: 2F
0-2: Ball
1-2: Ball
2-2: Strikes out looking
Batting: SHB Benedito Ahulani 0-0: Called Strike
0-1: SINGLE (Line Drive, 8RS, EV 96.2 MPH)
Batting: RHB Pedro Píaz 0-0: Foul Ball, location: 2F
0-1: Called Strike
0-2: Ball
1-2: Ball
2-2: Fly out, F8 (Flyball, 78S, EV 98.1 MPH)
Bottom of the 7th over - 0 runs, 1 hit, 0 errors, 1 left on base; Grand Forks 2 - Athletic Club KC 4
TOP OF THE 8TH
Grand Forks Caterpillars batting - Pitching for Athletic Club KC U-24 : LHP Pedro Árias
Pitching: RHP Jeffrey Strickland
Batting: RHB Markus Lindsey 0-0: Ball
1-0: Ball
2-0: Ball
3-0: Called Strike
3-1: Called Strike
3-2: Strikes out looking
Batting: RHB Roberto Guerrero 0-0: Ball
1-0: Foul Ball, location: 2F
1-1: Ball
2-1: Foul Ball, location: 2F
2-2: Foul Ball, location: 2F
2-2: Strikes out looking
Batting: RHB Dave Horn 0-0: Called Strike
0-1: Ball
1-1: Foul Ball, location: 2F
1-2: Strikes out swinging
Top of the 8th over - 0 runs, 0 hits, 0 errors, 0 left on base; Grand Forks 2 - Athletic Club KC 4
BOTTOM OF THE 8TH
Athletic Club KC U-24 batting - Pitching for Grand Forks Caterpillars : LHP Kjeld van Campen
Batting: SHB Osvaldo Ardiles 0-0: Ground out 6-3 (Groundball, 6, EV 81.2 MPH)
Batting: LHB Ramiro Curran 0-0: Called Strike
0-1: Ball
1-1: Ball
2-1: Ball
3-1: Foul Ball, location: 2F
3-2: Ground out 6-3 (Groundball, 6, EV 86.2 MPH)
Batting: LHB Greg Flynn 0-0: Called Strike
0-1: Fly out, F9 (Flyball, 9LDF, EV 90.0 MPH)
Bottom of the 8th over - 0 runs, 0 hits, 0 errors, 0 left on base; Grand Forks 2 - Athletic Club KC 4
TOP OF THE 9TH
Grand Forks Caterpillars batting - Pitching for Athletic Club KC U-24 : RHP Jeffrey Strickland
Batting: RHB Juan Morales 0-0: Ball
1-0: Foul Ball, location: 2F
1-1: SINGLE (Groundball, 56D, EV 103.1 MPH)
Batting: LHB Henri de Beeld 0-0: Ball
1-0: Ball
2-0: Fielders Choice at 2nd, 5-4 (Groundball, 56, EV 106.2 MPH)
Pitching: LHP Kevin Allen
Batting: LHB Jorge Cruz 0-0: Foul Ball, location: 2F
0-1: Foul Ball, location: 2F
0-2: Ball
1-2: Ball
2-2: Reaches on Catchers interference
Henri de Beeld to second
Batting: LHB Kelvin Schmidt 0-0: Ball
1-0: Called Strike
1-1: Foul Ball, location: 2F
1-2: Foul Ball, location: 2F
1-2: Foul Ball, location: 2F
1-2: Ball
2-2: Ball
3-2: Strikes out swinging
Batting: SHB Tomás Sánchez 0-0: Ball
1-0: DOUBLE (Flyball, 8LXD, EV 99.4 MPH)
Henri de Beeld scores
Jorge Cruz to third
Runner from 3rd tries for Home, SAFE, throw by CF to trailing runner, SAFE at third!
Batting: RHB Cliff Riley 0-0: Swinging Strike
0-1: Swinging Strike
0-2: Strikes out looking
Top of the 9th over - 2 runs, 2 hits, 1 error, 1 left on base; Grand Forks 4 - Athletic Club KC 4
BOTTOM OF THE 9TH
Athletic Club KC U-24 batting - Pitching for Grand Forks Caterpillars : LHP Kjeld van Campen
Batting: SHB Francisco Rojas 0-0: Called Strike
0-1: Ball
1-1: DOUBLE (Line Drive, 89M, EV 94.4 MPH)
Pinch Hitting: RHB James Allingham 0-0: Intentional Walk
Pitching: RHP Dragoljub Stanisic
Pinch Hitting: LHB Derek Robinson 0-0: Ball
1-0: Called Strike
1-1: Foul Ball, location: 2F
1-2: Ball
Wild Pitch!
Francisco Rojas to third
James Allingham to second
2-2: Strikes out swinging
Pinch Hitting: RHB Morton Scott 0-0: Ball
1-0: Ball
2-0: Ball
3-0: Base on Balls
Batting: SHB Benedito Ahulani 0-0: Ball
1-0: Grounds into fielders choice 6-2 (Groundball, 6S, EV 80.0 MPH)
James Allingham to third
Morton Scott to second
Batting: RHB Pedro Píaz 0-0: Called Strike
0-1: Ball
1-1: Foul Ball, location: 2F
1-2: SINGLE (Groundball, 4MD, EV 101.2 MPH)
James Allingham scores
Friday, March 26th, 2021 - OOTP Baseball 20.8 Build 74